 Dungeon Crawl Stone Soup version 0.29.0-10-g45618ea6d2 (webtiles) character file.

Game seed: 6473999005945106584

3016 Zeldest the Grappler (level 9, -2/123 HPs)
             Began as a Troll Monk on Sept 1, 2022.
             Slain by a fire elemental (7 damage)
             ... summoned by a deep elf pyromancer
             ... on level 7 of the Dungeon.
             The game lasted 00:07:48 (5194 turns).

Zeldest the Grappler (Troll Monk)                   Turns: 5194, Time: 00:07:49

Health: -2/123     AC: 24    Str: 21    XL:     9   Next: 55%
Magic:  8/8        EV:  1    Int: 10    God:
Gold:   368        SH:  0    Dex: 12    Spells: 8/8 levels left

rFire   . . .      SeeInvis .     - Unarmed
rCold   . . .      Faith    .   (no shield)
rNeg    . . .      Spirit   .   (body armour currently unavailable)
rPois   +          Reflect  .   (helmet currently unavailable)
rElec   .          Harm     .   (cloak currently unavailable)
rCorr   .          Rampage  .   (gloves unavailable)
Will    .....      NoTele   +   (boots unavailable)
Stlth   ++........              (no amulet)
HPRegen 1.10/turn               (no ring)
MPRegen 0.11/turn               (no ring)

@: mighty, tree-form, attractive
A: stationary, stasis, torment immunity, boosted hp, large, unfitting armour,
(claws 3), regeneration 1, (shaggy fur 1), (tough skin 1), (antennae 1), (talons
1), frail 1
a: no special abilities


You were on level 7 of the Dungeon.
You were a tree.
You visited 1 branch of the dungeon, and saw 7 of its levels.

You collected 368 gold pieces.

Inventory:

Missiles
 u - a throwing net (quivered)
Armour
 a - a +0 robe (melded)
 f - a scarf of repulsion (melded)
Jewellery
 s - a ring of willpower
 v - an amulet of the acrobat
Wands
 l - a wand of roots (2)
 n - a wand of mindburst (15)
 o - a wand of polymorph (9)
Scrolls
 e - 2 scrolls of immolation {unknown}
 j - a scroll of poison {unknown}
 m - 2 scrolls of enchant weapon {unknown}
 q - a scroll of enchant armour {unknown}
 r - a scroll of vulnerability {unknown}
 t - a scroll of teleportation
 x - a scroll of amnesia {unknown}
Potions
 b - 2 potions of brilliance
 d - a potion of magic {unknown}
 g - a potion of berserk rage {unknown}
 h - 2 potions of might
 i - 2 potions of attraction
 k - 3 potions of curing {unknown}
 p - 2 potions of mutation
 w - 2 potions of heal wounds {unknown}
 z - a potion of degeneration {unknown}


   Skills:
 + Level 6.6 Fighting
 - Level 2.4 Dodging
 - Level 1.0 Stealth
 * Level 10.9 Unarmed Combat
 + Level 2.9 Transmutations


You had 8 spell levels left.
You didn't know any spells.
Your spell library contained the following spells:

 Spells                   Type           Power      Damage    Failure   Level
 Ignite Poison            Fire/Tmut/Pois 1%         N/A       61%         3
 Conjure Flame            Conj/Fire      0%         6-21      75%         3
 Inner Flame              Hex/Fire       0%         N/A       75%         3
 Tukima's Dance           Hex            0%         N/A       75%         3
 Cause Fear               Hex            0%         N/A       98%         4
 Passage of Golubria      Tloc           0%         N/A       98%         4
 Sticky Flame             Conj/Fire      0%         2d3       98%         4
 Yara's Violent Unravell  Hex/Tmut       1%         3d3       99%         5
 Discord                  Hex            0%         N/A       100%        8


Dungeon Overview and Level Annotations

Branches:
Dungeon (7/15)
 Temple: D:4-7

Altars:
Dithmenos
Hepliaklqana
Makhleb
Nemelex Xobeh
Okawaru
Ru
Wu Jian

Shops:
D:5 *:(

Annotations:
D:5 3 runed translucent doors, videwesjr's ghost, amateur OgGl
D:7 Menkaure


Innate Abilities, Weirdness & Mutations

You are a tree.
Your roots penetrate the ground, keeping you stationary.
You cannot be teleported.
You are immune to unholy pain and torment.
Your maximum health is greatly increased.
Your equipment is partially melded.
You are too large for most types of armour.
((You have claws for hands.))
Your natural rate of healing is unusually fast.
((You are covered in fur. (AC +1)))
((You have tough skin. (AC +1)))
((You have a pair of small antennae on your head.))
((You have sharp toenails.))
You are frail. (-10% HP)


Message History

The gargoyle hurls a stone arrow at you.
The stone arrow misses you.
You scratch the gargoyle but do no damage.
You claw the gargoyle, but do no damage.
The gargoyle is almost destroyed.
The gargoyle hurls a stone arrow at you.
The stone arrow hits you!!
The deep elf pyromancer mumbles some strange words.
You barely miss the gargoyle.
You claw the gargoyle, but do no damage.
The gargoyle is almost destroyed.
The gargoyle hurls a stone arrow at you.
The stone arrow is repelled.
A deep elf pyromancer comes into view. It is wielding a +0 long sword.
Menkaure, Prince of Dust comes into view.
You claw the gargoyle!
You destroy the gargoyle!
The deep elf pyromancer casts a spell at you.
The sticky flame hits you!
You are covered in liquid flames!
* * * LOW HITPOINT WARNING * * *
It was a potion of lignification.
You turn into a tree.
Your scarf of repulsion melds into your body.
Your +0 robe melds into your body.
The haze of the repulsion field disappears.
Your roots penetrate the ground.
You are covered in liquid flames!
* * * LOW HITPOINT WARNING * * *
The fire elemental hits you. The fire elemental burns you!
* * * LOW HITPOINT WARNING * * *
It was a potion of might.
You feel very mighty all of a sudden.
You are covered in liquid flames!
* * * LOW HITPOINT WARNING * * *
The fire elemental hits you. The fire elemental burns you!
* * * LOW HITPOINT WARNING * * *
It was a potion of attraction.
You feel attractive to monsters. The fire elemental hits you.
The fire elemental burns you!
You die...

#..#########....
#........... .>.
###.)#######.. #
#....# .# ####.#
##..# #.# ##.M.
#.# ...# #.##e.#
#.♣E°.# #.##..#
#... #..# #...
.... #...# ..##
..>.# ...[
#....# .### #...
..


You could see a deep elf pyromancer, a fire elemental (summoned) and Menkaure.

Vanquished Creatures
  Pikel (D:4)
  A gargoyle (D:7)
  Grinder (D:6)
  Sigmund (D:6)
  A water moccasin (D:5)
  A black bear (D:5)
  6 ogres
  2 centaurs
  A phantom (D:5)
  A lemure (D:4)
  A bullfrog (D:5)
  A gnoll sergeant (D:6)
  2 necrophages
  2 scorpions
  2 howler monkeys
  2 hounds
  A jelly (D:4)
  An orc priest (D:6)
  A gnoll bouda (D:5)
  Terence (D:3)
  3 iguanas
  Robin (D:3)
  16 gnolls
  5 adders
  2 white imps
  2 worms
  4 orcs
  10 endoplasms
  3 giant cockroaches
  12 goblins
  2 hobgoblins (D:3)
  6 jackals
  4 kobolds
  2 quokkas
  7 ball pythons
  4 bats
  3 frilled lizards
  2 rats
118 creatures vanquished.

Vanquished Creatures (others)
  A bush (D:5)
1 creature vanquished.

Grand Total: 119 creatures vanquished

Notes
Turn   | Place    | Note
-------+----------+-------------------------------------------
     0 | D:1      | Zeldest the Troll Monk began the quest for the Orb.
     0 | D:1      | Reached XP level 1. HP: 22/22 MP: 0/0
   233 | D:1      | Reached XP level 2. HP: 29/29 MP: 1/1
   450 | D:1      | Found a faded altar of an unknown god.
  1210 | D:2      | Reached XP level 3. HP: 30/36 MP: 2/2
  1327 | D:3      | Reached skill level 4 in Unarmed Combat
  1404 | D:3      | Noticed Robin
  1431 | D:3      | Gained mutation: You are frail. (-10% HP) [potion of
                  | mutation]
  1431 | D:3      | Gained mutation: You have sharp toenails. [potion of
                  | mutation]
  1431 | D:3      | Gained mutation: You have a pair of small antennae on your
                  | head. [potion of mutation]
  1463 | D:3      | Killed Robin
  1464 | D:3      | Reached XP level 4. HP: 39/40 MP: 3/3
  1560 | D:3      | Noticed Terence
  1572 | D:3      | Killed Terence
  1717 | D:3      | Found a burning altar of Makhleb.
  1770 | D:3      | Reached skill level 5 in Unarmed Combat
  1773 | D:3      | Reached XP level 5. HP: 38/47 MP: 4/4
  2193 | D:4      | Reached XP level 6. HP: 50/55 MP: 5/5
  2442 | D:4      | Reached skill level 6 in Unarmed Combat
  2902 | D:4      | Noticed Pikel
  2914 | D:4      | Killed Pikel
  2915 | D:4      | Reached skill level 8 in Unarmed Combat
  2915 | D:4      | Reached XP level 7. HP: 52/63 MP: 6/6
  3034 | D:5      | Entered Level 5 of the Dungeon
  3148 | D:5      | Reached skill level 5 in Fighting
  3148 | D:5      | Reached XP level 8. HP: 56/72 MP: 7/7
  3223 | D:5      | Found Bexumn's Antique Weapon Boutique.
  3256 | D:5      | Reached skill level 9 in Unarmed Combat
  3271 | D:5      | Noticed videwesjr's ghost (amateur OgGl)
  3294 | D:5      | Found a shadowy altar of Dithmenos.
  3378 | D:5      | Found Tagregun's Tremendous Tomes.
  3540 | D:5      | Found a runed translucent gate.
  3540 | D:5      | Found a runed translucent gate.
  3548 | D:5      | Found a runed translucent gate.
  3712 | D:5      | Reached skill level 1 in Transmutations
  3736 | D:5      | Found Kat Neif's Assorted Antiques.
  4347 | D:5      | Reached XP level 9. HP: 35/80 MP: 8/8
  4483 | D:6      | Reached skill level 10 in Unarmed Combat
  4792 | D:6      | Found a sparkling altar of Nemelex Xobeh.
  4829 | D:6      | Found an iron altar of Okawaru.
  4844 | D:6      | Found an ornate altar of the Wu Jian Council.
  4900 | D:6      | Noticed Sigmund
  4904 | D:6      | Killed Sigmund
  4905 | D:6      | Found a sacrificial altar of Ru.
  4905 | D:6      | Found a hazy altar of Hepliaklqana.
  4967 | D:6      | Noticed Grinder
  4967 | D:6      | Paralysed by Grinder for 3 turns
  5064 | D:6      | Killed Grinder
  5178 | D:7      | Noticed a deep elf pyromancer
  5178 | D:7      | Noticed a gargoyle
  5190 | D:7      | Noticed a deep elf pyromancer
  5190 | D:7      | Noticed Menkaure
  5191 | D:7      | Killed a gargoyle
  5193 | D:7      | HP: 4/123 [fire elemental[a deep elf pyromancer] (13)]
  5194 | D:7      | Slain by a fire elemental

Illustrated notes

Levels and vault maps discovered:
D:1:      psy_arrival_basics, layout_loops_corners,
          hellmonk_ecumenical_altar_heavens_door
D:2:      layout_rooms
D:3:      layout_basic, lightli_temple_of_fire, hangedman_feature_mirror,
          uniq_robin, uniq_terence
D:4:      kennysheep_big_flooded_room, layout_basic, uniq_pikel
D:5:      layout_layer_cave, grunt_dithmenos_shadows, serial_shops,
          nicolae_take_the_stairs, nicolae_shop_crystal, gammafunk_ghost_icy,
          kb_lookout_dungeons_type, nicolae_shop_i_like_big_books
D:6:      layout_rooms, nicolae_overflow_hidden_temple,
          nemelex_diamond_rough_becter, lemuel_round_altar, corner_web_ring,
          uniq_sigmund, uniq_grinder
D:7:      layout_rooms, temple_fountains, minmay_manual_maat, uniq_menkaure

Skill      XL: |  1  2  3  4  5  6  7  8  9 |
---------------+----------------------------+-----
Unarmed Combat | 4 5 8 9 10 | 10.9
Fighting       | 3 4 5 6 |  6.6
Transmutations | 1 2 |  2.9
Dodging        | |  2.4
Stealth        | |  1.0

Action                   |  1- 3 |  4- 6 |  7- 9 || total
-------------------------+-------+-------+-------++-------
Melee: Unarmed           |    88 |    88 |   133 ||   309
       Punch             |     2 |     1 |     9 ||    12
       Kick              |     2 |    19 |    48 ||    69
Evoke: Wand              |       |       |     1 ||     1
  Use: Scroll            |     3 |     1 |       ||     4
       Potion            |     3 |       |     3 ||     6
 Stab: Sleeping          |     1 |     2 |     1 ||     4
       Distracted        |       |       |     1 ||     1
Armor: Robe              |    48 |    19 |    19 ||    86
       Skin              |       |       |     3 ||     3
Dodge: Dodged            |    67 |    47 |    54 ||   168
       Repelled          |       |       |     1 ||     1
